 Dungeon Sprint DCSS version 0.29-a0-1016-g236c7fd91e (webtiles) character file.

Game seed: 5883450726091630022

298 Hubris850 the Eclecticist (level 9, -6/45 HPs)
             Began as a Deep Elf Conjurer on Aug 9, 2022.
             Was a High Priest of Vehumet.
             Mangled by Aizul (14 damage)
             ... in the Dungeon (Sprint VI: "Thunderdome").
             The game lasted 00:10:24 (568 turns).

Hubris850 the Eclecticist (Deep Elf Conjurer)        Turns: 568, Time: 00:10:25

Health: -6/45      AC:  4    Str:  4    XL:     9   Next: 14%
Magic:  23/42      EV: 12    Int: 28    God:    Vehumet [*****.]
Gold:   67         SH:  0    Dex: 13    Spells: 29/44 levels left

rFire   + . .      SeeInvis .   m - +0 short sword
rCold   . . .      Faith    +   (no shield)
rNeg    . . .      Spirit   .   (no body armour)
rPois   +          Reflect  .   (no helmet)
rElec   .          Harm     .   (no cloak)
rCorr   .          Rampage  .   (no gloves)
Will    .....      Rage     3%  (no boots)
Stlth   ++........ NoTele   +   n - amulet of Ifefyvu {Faith rPois MP+9 Dex+4}
HPRegen 0.15/turn               (no ring)
MPRegen 0.28/turn               p - ring "Yvem" {rF+ AC+4}

@: lethally poisoned (-6 -> -9), unable to read, unable to drink
A: berserk 1, clumsy 2, inability to drink while threatened 1, inability to read
while threatened 2
a: Renounce Religion


You were in the Dungeon.
You worshipped Vehumet.
Vehumet was extremely pleased with you.
You visited 1 branch You collected 600 gold pieces.
You spent 533 gold pieces at shops.

Inventory:

Hand Weapons
 m - a +0 short sword (weapon)
Armour
 a - a +0 robe
 l - the +1 robe of Calculation {rPois Str+8}
   (You bought it in a shop in the Dungeon)

   Str:       It affects your strength (+8).
   rPois:     It protects you from poison.
 q - the +1 robe "Tyduabia" {+Blink Int+3}
   (You bought it in a shop in the Dungeon)

   Int:       It affects your intelligence (+3).
   +Blink:    It lets you blink.
Jewellery
 n - the amulet of Ifefyvu (around neck) {Faith rPois MP+9 Dex+4}
   (You bought it in a shop in the Dungeon)

   [amulet of faith]

   It allows you to gain divine favour quickly.
   Dex:       It affects your dexterity (+4).
   rPois:     It protects you from poison.
   MP:        It affects your magic capacity (+9).
 o - the ring of Rurphut {rF+ rC+ rN+ Str-5 Int+4}
   (You bought it in a shop in the Dungeon)

   [ring of protection from cold]

   Str:       It affects your strength (-5).
   Int:       It affects your intelligence (+4).
   rF:        It protects you from fire.
   rC:        It protects you from cold.
   rN:        It protects you from negative energy.
 p - the ring "Yvem" (right hand) {rF+ AC+4}
   (You bought it in a shop in the Dungeon)

   [ring of protection]

   AC:        It affects your AC (+4).
   rF:        It protects you from fire.
Wands
 h - a wand of iceblast (3)
 i - a wand of light (5)
Scrolls
 g - 4 scrolls of blinking
 j - 3 scrolls of fog
Potions
 b - a potion of magic
 c - a potion of curing
 d - 2 potions of heal wounds
 e - 4 potions of haste
 f - a potion of berserk rage
 k - a potion of resistance


   Skills:
 - Level 2.4 Dodging
 - Level 2.4 Stealth
 + Level 18.3 Spellcasting
 + Level 15.8 Conjurations
 - Level 6.0 Hexes
 - Level 3.0 Translocations


You had 29 spell levels left.
You knew the following spells:

 Your Spells              Type           Power      Damage    Failure   Level
a - Magic Dart            Conj           100%       1d8       0%          1
b - Searing Ray           Conj           100%       2d8       0%          2
c - Fulminant Prism       Conj/Hex       36%        3d18      1%          4
d - Iskenderun's Mystic   Conj/Tloc      68%        2d14      1%          4
e - Poisonous Vapours     Pois/Air       50%        N/A       1%          2
f - Scorch                Fire           50%        2d7       1%          2

Your spell library contained the following spells:

 Spells                   Type           Power      Damage    Failure   Level
 Inner Flame              Hex/Fire       42%        N/A       1%          3
 Dazzling Flash           Conj/Hex       100%       N/A       1%          3


Dungeon Overview and Level Annotations

Branches:
Dungeon (1/1)

Altars:
Cheibriados
Dithmenos
Fedhas
Gozag
Kikubaaqudgha
Makhleb
Okawaru
Qazlal
Ru
Sif Muna
Trog
Uskayaw
Vehumet
Wu Jian
Xom
Yredelemnul
Zin
The Shining One
Lugonu

Shops:
D *[??*?*:[((!!!!

Annotations:
D Aizul


Innate Abilities, Weirdness & Mutations

You sometimes lose your temper in combat.
You are very clumsy. (Dex -4)
You occasionally lose the ability to drink potions when taking damage.
You sometimes lose the ability to read scrolls when taking damage.


Message History

Aizul shouts!
You finish taking off the +1 robe of Calculation {rPois Str+8}.
Casting: Poisonous Vapours (safe; 1% risk of failure)
Confirm with . or Enter, or press ? or * to list all spells.
Okay, then.
Unknown command.
Press: ? - help, v - describe, . - travel
Here: Aizul The floor.
Unknown command.
Casting: Poisonous Vapours (safe; 1% risk of failure)
Confirm with . or Enter, or press ? or * to list all spells.
Aiming: Fulminant Prism (safe; 1% risk of failure)
Press: ? - help, Dir - move target You conjure a prism of explosive energy!
A fulminant prism comes into view.
Aizul casts a spell at you. The poison arrow hits you!
You are poisoned.
You partially resist.
You feel threatened and lose the ability to read scrolls!
You feel threatened and lose the ability to drink potions!
* * * LOW HITPOINT WARNING * * *
You cannot drink potions in your current state!
You feel sick.
Your fulminant prism crackles loudly.
Aizul says, "They said they'd gotten someone better!"
You feel sick.
Your fulminant prism explodes!
The blast of energy engulfs Aizul!!
Aizul is moderately wounded.
Unknown command.
Casting: Fulminant Prism (safe; 1% risk of failure)
Confirm with . or Enter, or press ? or * to list all spells.
Aiming: Fulminant Prism (safe; 1% risk of failure)
Press: ? - help, Dir - move target You conjure a prism of explosive energy!
A fulminant prism comes into view.
You feel sick. Aizul hits you!
You die...

######.8.........
##._._......###...
###∩........8.# #.8.
##.............###...
#⌠......[...###...###
#⌠....[.....# #.<.# #
#⌠.....*....###...###
##........[....###...
###@S.......8.# #.8.
##∩._.......###...
######.8.........
#§..........
###.).......
#_......._ #_......._
#_......._ #∩.......∩


You could see Aizul (ally target) and a friendly fulminant prism.

Vanquished Creatures
  A wolf spider (D)
  A tarantella (D)
  2 jumping spiders (D)
  6 neqoxecs (D)
  A redback (D)
  Blork the orc (D)
  5 scorpions (D)
  An orc wizard (D)
  A worm (D)
  3 orcs (D)
  2 giant cockroaches (D)
24 creatures vanquished.

Vanquished Creatures (others)
  12 fulminant prisms (D)
12 creatures vanquished.

Grand Total: 36 creatures vanquished

Notes
Turn   | Place    | Note
-------+----------+-------------------------------------------
     0 | D        | Hubris850 the Deep Elf Conjurer began the quest for the
                  | Orb.
     0 | D        | Reached XP level 1. HP: 10/10 MP: 6/6
     1 | D        | Found an iron altar of Okawaru.
     2 | D        | Found a glowing golden altar of the Shining One.
     2 | D        | Found a shimmering blue altar of Sif Muna.
     3 | D        | Found a glowing silver altar of Zin.
     4 | D        | Found Bummoong's Identification Station.
     4 | D        | Found a radiant altar of Vehumet.
     5 | D        | Found Puorrij's Advanced Armour.
     5 | D        | Found Ekupnipe's Jewellery.
     5 | D        | Round 1.
     8 | D        | Found a sacrificial altar of Ru.
     9 | D        | Found a shimmering altar of Xom.
    12 | D        | Became a worshipper of Vehumet
    20 | D        | Bought a fabulously ornate robe for 199 gold pieces
    20 | D        | Identified the +1 robe of Calculation {rPois Str+8} (You
                  | bought it in a shop in the Dungeon)
    30 | D        | Noticed Blork the orc
    36 | D        | Killed Blork the orc
    37 | D        | Reached skill level 7 in Spellcasting
    37 | D        | Reached XP level 2. HP: 7/15 MP: 2/12
    37 | D        | Reached XP level 3. HP: 9/19 MP: 2/14
    37 | D        | Reached XP level 4. HP: 12/24 MP: 2/15
    51 | D        | Reached skill level 8 in Spellcasting
    54 | D        | Reached * piety under Vehumet
    54 | D        | Offered knowledge of Shock by Vehumet.
    62 | D        | Learned a level 2 spell: Searing Ray
    67 | D        | Learned a level 4 spell: Fulminant Prism
    72 | D        | Learned a level 4 spell: Iskenderun's Mystic Blast
    73 | D        | Arena points: 12 (+12) [x2]
    79 | D        | Found a corrupted altar of Lugonu.
    80 | D        | Found Xaaf's Magic Scroll Shop.
    81 | D        | Found Eckeppix's Magic Scroll Shop.
    81 | D        | Found Ycreuja's Must-Have Magic.
    82 | D        | Found a burning altar of Makhleb.
    82 | D        | Found a shadowy altar of Dithmenos.
    82 | D        | Found Xyol's Staff Store.
    86 | D        | Found a hide-covered altar of Uskayaw.
    88 | D        | Found an opulent altar of Gozag.
    89 | D        | Found Kissen's Distillery.
    90 | D        | Found Ifuetaj's Distillery.
    90 | D        | Found Ciang's Bottled Wisdom.
    90 | D        | Found a blossoming altar of Fedhas.
    90 | D        | Found an ornate altar of the Wu Jian Council.
    90 | D        | Found a snail-covered altar of Cheibriados.
    90 | D        | Found Kimiej's Do-It-Yourself Clinic.
    94 | D        | Found a stormy altar of Qazlal.
    95 | D        | Found a basalt altar of Yredelemnul.
    96 | D        | Found a bloodstained altar of Trog.
    97 | D        | Found Nyveb's Weapon Rack.
    98 | D        | Found an ancient bone altar of Kikubaaqudgha.
    98 | D        | Found Fiusath's Premium Goods.
    98 | D        | Found Zateafru's Basic Armour.
    98 | D        | Found Oniqowau's Miscellaneous Merchandise.
   140 | D        | Round 2.
   156 | D        | Reached ** piety under Vehumet
   264 | D        | Noticed a scorpion
   264 | D        | Noticed a scorpion
   275 | D        | Noticed a scorpion
   275 | D        | Killed a scorpion
   275 | D        | Offered knowledge of Poisonous Vapours by Vehumet.
   276 | D        | Reached skill level 9 in Spellcasting
   276 | D        | Reached XP level 5. HP: 26/28 MP: 12/18
   279 | D        | Reached skill level 11 in Spellcasting
   279 | D        | Reached skill level 10 in Conjurations
   279 | D        | Reached XP level 6. HP: 22/32 MP: 13/22
   291 | D        | HP: 1/32 [worm (6)]
   294 | D        | Reached *** piety under Vehumet
   294 | D        | Arena points: 54 (+42) [x3]
   298 | D        | Learned a level 2 spell: Poisonous Vapours
   340 | D        | Round 3.
   347 | D        | Noticed a neqoxec
   351 | D        | Gained mutation: You occasionally lose the ability to drink
                  | potions when taking damage. [a neqoxec]
   352 | D        | Gained mutation: You occasionally lose the ability to read
                  | scrolls when taking damage. [a neqoxec]
   358 | D        | Killed a neqoxec
   358 | D        | Offered knowledge of Scorch by Vehumet.
   359 | D        | Reached skill level 12 in Spellcasting
   364 | D        | Learned a level 2 spell: Scorch
   388 | D        | Noticed a neqoxec
   395 | D        | Killed a neqoxec
   395 | D        | Offered knowledge of Inner Flame by Vehumet.
   396 | D        | Reached skill level 13 in Spellcasting
   396 | D        | Reached XP level 7. HP: 36/36 MP: 9/25
   417 | D        | Noticed a neqoxec
   418 | D        | Noticed a neqoxec
   420 | D        | Gained mutation: You are clumsy. (Dex -2) [a neqoxec]
   423 | D        | Gained mutation: You sometimes lose the ability to read
                  | scrolls when taking damage. [a neqoxec]
   424 | D        | Gained mutation: You sometimes lose your temper in combat.
                  | [a neqoxec]
   425 | D        | Killed a neqoxec
   425 | D        | Reached **** piety under Vehumet
   425 | D        | Killed a neqoxec
   426 | D        | Reached skill level 14 in Spellcasting
   437 | D        | Noticed a neqoxec
   438 | D        | Noticed a neqoxec
   440 | D        | Gained mutation: You are very clumsy. (Dex -4) [a neqoxec]
   443 | D        | Killed a neqoxec
   444 | D        | Reached skill level 15 in Spellcasting
   446 | D        | Killed a neqoxec
   446 | D        | Arena points: 138 (+84) [x4]
   447 | D        | Reached XP level 8. HP: 24/41 MP: 4/29
   475 | D        | Bought a warped crystal amulet for 45 gold pieces
   475 | D        | Identified the amulet of Ifefyvu {Faith rPois MP+9 Dex+4}
                  | (You bought it in a shop in the Dungeon)
   480 | D        | Bought a slimy golden ring for 45 gold pieces
   480 | D        | Identified the ring of Rurphut {rF+ rC+ rN+ Str-5 Int+4}
                  | (You bought it in a shop in the Dungeon)
   480 | D        | Bought a smoking lapis lazuli ring for 45 gold pieces
   480 | D        | Identified the ring "Yvem" {rF+ AC+4} (You bought it in a
                  | shop in the Dungeon)
   493 | D        | Round 4.
   495 | D        | Noticed a jumping spider
   496 | D        | Reached ***** piety under Vehumet
   497 | D        | Reached skill level 16 in Spellcasting
   501 | D        | Noticed a jumping spider
   502 | D        | Killed a jumping spider
   502 | D        | Noticed a wolf spider
   509 | D        | Killed a jumping spider
   510 | D        | Reached skill level 17 in Spellcasting
   511 | D        | Killed a wolf spider
   512 | D        | Reached skill level 15 in Conjurations
   512 | D        | Reached XP level 9. HP: 23/45 MP: 15/32
   537 | D        | Arena points: 298 (+160) [x5]
   538 | D        | Reached skill level 18 in Spellcasting
   559 | D        | Bought a ripped robe for 199 gold pieces
   559 | D        | Identified the +1 robe "Tyduabia" {+Blink Int+3} (You
                  | bought it in a shop in the Dungeon)
   561 | D        | Round 5.
   563 | D        | Noticed Aizul
   568 | D        | Mangled by Aizul

Illustrated notes

Levels and vault maps discovered:
D:        arena_sprint

Skill      XL: |  1  2  3  4  5  6  7  8  9 |
---------------+----------------------------+-----
Spellcasting   | 7 9 11 13 15 17 18 | 18.3
Conjurations   | 7 8 10 12 13 15 | 15.8
Hexes          | 3 4 6 |  6.0
Translocations | 2 3 |  3.0
Dodging        | |  2.4
Stealth        | |  2.4

Action                   |  1- 3 |  4- 6 |  7- 9 || total
-------------------------+-------+-------+-------++-------
Melee: Short sword       |       |    25 |       ||    25
 Cast: Magic Dart        |     3 |    17 |     1 ||    21
       Fulminant Prism   |       |     4 |     9 ||    13
       Scorch            |       |     4 |       ||     4
       Searing Ray       |       |     3 |       ||     3
       Iskenderun's Myst |       |       |     4 ||     4
       Poisonous Vapours |       |       |     7 ||     7
Evoke: Wand              |     2 |       |       ||     2
  Use: Potion            |       |     3 |     1 ||     4
Armor: Robe              |       |     8 |     3 ||    11
Dodge: Dodged            |       |    16 |     3 ||    19

Table legend: (Time is in decaauts)
 A = Elapsed time spent in this place.
 B = Non-inter-level travel time spent in this place.
 C = Inter-level travel time spent in this place.
 D = Time resting spent in this place.
 E = Time spent auto-exploring this place.
 F = Levels seen in this place.
 G = Mean time per level.
                   A        B        C        D        E       F      G
               +--------+--------+--------+--------+--------+-----+--------+
         Total |    568 |    568 |      0 |    231 |      0 |   1 |  568.0 |
       Dungeon |    568 |    568 |      0 |    231 |      0 |   1 |  568.0 |
               +--------+--------+--------+--------+--------+-----+--------+

Top non-repeatable levels by time:
       D: 568 daAuts
